 Dungeon Crawl Stone Soup version 0.29-a0-925-g0a7a3d12f8 (webtiles) character file.

Game seed: 694350453255032339

3976 concernfroge the Fighter (level 10, -2/85 HPs)
             Began as a Mummy Monk on July 30, 2022.
             Was a Priest of Cheibriados.
             Killed from afar by an acid dragon (13 damage)
             ... with a splash of acid
             ... on level 9 of the Dungeon.
             The game lasted 00:19:06 (9672 turns).

concernfroge the Fighter (Mummy Monk)               Turns: 9672, Time: 00:19:07

Health: -2/85      AC:  8    Str: 29    XL:     10   Next: 2%
Magic:  13/13      EV: 10    Int: 17    God:    Cheibriados [***...]
Gold:   407        SH:  0    Dex: 27    Spells: 9/9 levels left

rFire   + . .      SeeInvis .   i - +10 great mace of Mayhem {pain, rF+ Str+3}
rCold   . . .      Faith    .   (shield currently unavailable)
rNeg    + + +      Spirit   .   f - +0 chain mail
rPois   ∞          Reflect  .   (no helmet)
rElec   .          Harm     .   z - scarf {repulsion}
rCorr   .          Rampage  .   (no gloves)
Will    +....                   (no boots)
Stlth   ..........              (no amulet)
HPRegen 0.24/turn               t - +6 ring of dexterity
MPRegen 0.13/turn               m - ring of fire

@: about to teleport, repel missiles, very slow
A: cold resistance 1, negative energy resistance 3, torment resistance 2, heat
vulnerability 1, in touch with death 1, no potions
a: Renounce Religion, Bend Time, Temporal Distortion


You were on level 9 of the Dungeon.
You worshipped Cheibriados.
Cheibriados was most pleased with you.
You visited 2 branches of the dungeon, and saw 10 of its levels.

You collected 407 gold pieces.

Inventory:

Hand Weapons
 e - the +7 mace of the Demonic God {flame, *Corrode rPois rF+ Int+4}
   (You found it on level 3 of the Dungeon)

   It burns those it strikes, dealing additional fire damage.
   Int:       It affects your intelligence (+4).
   rF:        It protects you from fire.
   rPois:     It protects you from poison.
   *Corrode:  It may corrode you when you take damage.
 i - the +10 great mace of Mayhem (weapon) {pain, rF+ Str+3}
   (You found it on level 2 of the Dungeon)

   In the hands of one skilled in necromantic magic, it inflicts extra damage on
   living creatures.
   Str:       It affects your strength (+3).
   rF:        It protects you from fire.
 B - a +0 morningstar
Missiles
 n - 26 poisoned darts (quivered)
Armour
 f - a +0 chain mail (worn)
 g - a +0 tower shield
 z - a scarf of repulsion (worn)
 C - +0 steam dragon scales
Jewellery
 m - a ring of fire (right hand)
 s - a ring of wizardry
 t - a +6 ring of dexterity (left hand)
 u - a +6 ring of intelligence
 w - a ring of fire
Wands
 o - a wand of flame (18)
 x - a wand of mindburst (12)
 A - a wand of roots (11)
Scrolls
 b - a scroll of enchant weapon
 c - a scroll of noise
 d - 3 scrolls of enchant armour
 j - a scroll of amnesia
 l - 2 scrolls of magic mapping {unknown}
 p - 2 scrolls of brand weapon {unknown}
 q - 4 scrolls of identify {unknown}
 r - a scroll of butterflies {unknown}
 v - 2 scrolls of fear {unknown}
 y - a scroll of immolation {unknown}


   Skills:
 - Level 10.0 Fighting
 + Level 8.0 Maces & Flails
 - Level 2.4 Polearms
 - Level 2.4 Dodging
 - Level 1.5 Stealth
 + Level 4.7 Invocations


You had 9 spell levels left.
You didn't know any spells.
Your spell library contained the following spells:

 Spells                   Type           Power      Damage    Failure   Level
 Apportation              Tloc           0%         N/A       82%         1
 Magic Dart               Conj           0%         1d3       82%         1
 Necrotise                Necr           0%         1d4       82%         1
 Summon Small Mammal      Summ           0%         N/A       82%         1
 Call Imp                 Summ           0%         N/A       91%         2
 Ensorcelled Hibernation  Hex/Ice        0%         N/A       91%         2
 Scorch                   Fire           0%         2d5       91%         2
 Mephitic Cloud           Conj/Pois/Air  0%         N/A       99%         3
 Vampiric Draining        Necr           0%         2d6       99%         3
 Anguish                  Hex/Necr       0%         N/A       100%        4
 Flame Wave               Conj/Fire      0%         2d4       100%        4
 Olgreb's Toxic Radiance  Pois           0%         N/A       100%        4
 Agony                    Necr           0%         N/A       100%        5
 Summon Forest            Summ/Tloc      0%         N/A       100%        5
 Summon Mana Viper        Hex/Summ       0%         N/A       100%        5
 Summon Cactus Giant      Summ           0%         N/A       100%        6
 Ozocubu's Refrigeration  Ice            0%         4d5       100%        7
 Summon Hydra             Summ           0%         N/A       100%        7
 Ignition                 Fire           0%         3d3       100%        8
 Sublimation of Blood     Necr           Unusable   N/A       N/A         2
 Wereblood                Tmut           Unusable   N/A       N/A         2
 Spider Form              Tmut/Pois      Unusable   N/A       N/A         3

Dungeon Overview and Level Annotations

Branches:
Dungeon (9/15)             Temple (1/1) D:6
   Lair: D:8-11         Orc: D:9-12

Altars:
Ashenzari
Cheibriados
Dithmenos
Fedhas
Gozag
Hepliaklqana
Kikubaaqudgha
Makhleb
Nemelex Xobeh
Okawaru
Qazlal
Ru
Sif Muna
Trog
Uskayaw
Vehumet
Wu Jian
Xom
Yredelemnul

Shops:
D:3 [   D:8 :

Annotations:
D:8 3 runed translucent doors, gdog's ghost, novice GnDe


Innate Abilities, Weirdness & Mutations

You are immune to poison.
Your flesh is cold resistant. (rC+)
You are immune to negative energy. (rN+++)
You are immune to unholy pain and torment.
You are vulnerable to heat. (rF-)
You are in touch with the powers of death.
You do not drink.


Message History

* * * LOW HITPOINT WARNING * * *
The killer bee barely misses you.
You hit the killer bee.
You kill the killer bee!
Cheibriados thoroughly appreciates the change of pace.
The killer bee stings you!
* * * LOW HITPOINT WARNING * * *
The killer bee stings you.
* * * LOW HITPOINT WARNING * * *
Your Maces & Flails skill increases to level 8!
Okay, then.
Okay, then.
The killer bee barely misses you.
The killer bee stings you but does no damage.
The killer bee attacks as you move away!
The killer bee stings you.
* * * LOW HITPOINT WARNING * * *
Your surroundings suddenly seem different.
You start resting.
Magic restored.
You start resting.
An acid dragon is nearby!
You start resting.
An acid dragon is nearby!
The acid dragon roars!
You hear a shout!
The acid dragon spits acid at you. The splash of acid hits you!!
* * * LOW HITPOINT WARNING * * *
The acid corrodes you!
Blink to where?
Press: ? - help, Dir - move target
As you read the scroll labelled QOUNNA MUHI, it crumbles to dust.
It was a scroll of blinking.
You are no longer corroded.
An acid dragon is nearby!
As you read the scroll of teleportation, it crumbles to dust.
You feel strangely unstable. The acid dragon spits acid at you.
The splash of acid hits you!
You die...

#.# #....†.. #.#
#.###### ##########.#
#.# #..........# #.#
##########.#########.#
#...........#
#.#########.###### #.#
#....... #@# #.######
#.# #.# #.# #.#
##########.# #.#
#..........# #.######
##########.# #.......
#D#########.######
#...........#
#.#########.#


You could see an acid dragon (catching breath).

Vanquished Creatures
  Grinder (D:3)
  A hornet (D:7)
  A shadow (D:9)
  A wyvern (D:9)
  2 steam dragons (D:8)
  2 water moccasins
  An ice beast (D:5)
  An orc warrior (D:8)
  An ogre (D:5)
  A centaur (D:7)
  2 kobold brigands
  A necrophage (D:7)
  4 bullfrogs
  5 scorpions
  5 wights
  12 killer bees
  4 howler monkeys
  A centaur zombie (D:8)
  2 hounds (D:4)
  A jelly (D:4)
  4 orc priests
  A gnoll bouda (D:6)
  Jessica (D:3)
  An iguana (D:5)
  Terence (D:3)
  4 orc wizards
  A howler monkey zombie (D:8)
  9 adders
  10 gnolls
  2 white imps (D:7)
  An ufetubus (D:6)
  4 worms
  2 dart slugs
  31 orcs
  5 bats
  10 endoplasms
  3 giant cockroaches
  3 goblins
  7 hobgoblins
  4 jackals
  4 quokkas
  8 ball pythons
  8 frilled lizards
  14 kobolds
  6 rats
193 creatures vanquished.

Vanquished Creatures (others)
  A fungus (D:1)
  2 plants (D:1)
3 creatures vanquished.

Grand Total: 196 creatures vanquished

Notes
Turn   | Place    | Note
-------+----------+-------------------------------------------
     0 | D:1      | concernfroge the Mummy Monk began the quest for the Orb.
     0 | D:1      | Reached XP level 1. HP: 18/18 MP: 1/1
    75 | D:1      | Found a faded altar of an unknown god.
   145 | D:1      | Reached XP level 2. HP: 24/24 MP: 2/2
   732 | D:1      | Reached skill level 4 in Fighting
  1429 | D:2      | Found a shimmering altar of Xom.
  1454 | D:2      | Gained mutation: You are in touch with the powers of death.
                  | [Mummy growth]
  1454 | D:2      | Reached XP level 3. HP: 30/30 MP: 3/3
  1543 | D:2      | Identified the +10 great mace of Mayhem {pain, rF+ Str+3}
  1845 | D:2      | Reached XP level 4. HP: 33/38 MP: 4/4
  2103 | D:3      | Noticed Terence
  2107 | D:3      | Reached skill level 5 in Fighting
  2114 | D:3      | Killed Terence
  2542 | D:3      | Identified the +7 mace of the Demonic God {flame, *Corrode
                  | rPois rF+ Int+4}
  2667 | D:3      | Found Otisust's Antique Armour Shoppe.
  2736 | D:3      | Noticed Jessica
  2738 | D:3      | Noticed Grinder
  2742 | D:3      | Killed Jessica
  2743 | D:3      | Reached XP level 5. HP: 40/46 MP: 5/5
  2745 | D:3      | Paralysed by Grinder for 4 turns
  2757 | D:3      | Killed Grinder
  2758 | D:3      | Reached skill level 7 in Fighting
  2758 | D:3      | Reached XP level 6. HP: 51/55 MP: 6/6
  3325 | D:4      | Reached skill level 8 in Fighting
  3325 | D:4      | Reached XP level 7. HP: 58/62 MP: 7/7
  3487 | D:4      | Found a bloodstained altar of Trog.
  3536 | D:4      | Found a blossoming altar of Fedhas.
  3861 | D:4      | Found an ancient bone altar of Kikubaaqudgha.
  4199 | D:5      | Entered Level 5 of the Dungeon
  4214 | D:5      | You fall into a shaft and drop 3 floors!
  4237 | D:8      | Reached skill level 9 in Fighting
  4296 | D:8      | Noticed a steam dragon
  4577 | D:8      | Reached XP level 8. HP: 56/72 MP: 8/8
  4605 | D:8      | Reached skill level 10 in Fighting
  4605 | D:8      | Reached skill level 1 in Maces & Flails
  4706 | D:8      | Found a runed translucent gate.
  4706 | D:8      | Found a runed translucent gate.
  4706 | D:8      | Found a runed translucent gate.
  4706 | D:8      | Noticed gdog's ghost (novice GnDe)
  4708 | D:8      | Found a basalt altar of Yredelemnul.
  5460 | D:5      | Reached skill level 5 in Maces & Flails
  5574 | D:5      | Found a radiant altar of Vehumet.
  5586 | D:5      | Reached XP level 9. HP: 65/78 MP: 9/9
  6323 | D:6      | Found a staircase to the Ecumenical Temple.
  6332 | Temple   | Entered the Ecumenical Temple
  6406 | Temple   | Became a worshipper of Cheibriados the Contemplative
  6406 | Temple   | Reached * piety under Cheibriados
  6406 | Temple   | Reached ** piety under Cheibriados
  7109 | D:7      | Found a hazy altar of Hepliaklqana.
  7132 | D:7      | Reached skill level 1 in Invocations
  8223 | D:7      | Found an ornate altar of the Wu Jian Council.
  8843 | D:8      | Reached *** piety under Cheibriados
  9142 | D:8      | Found Onnaduatt's Book Boutique.
  9575 | D:9      | Reached XP level 10. HP: 67/85 MP: 9/13
  9672 | D:9      | Killed from afar by an acid dragon

Illustrated notes

Levels and vault maps discovered:
D:1:      dpeg_arrival_round_a, layout_basic, serial_corexii_hall,
          corexii_hall_statues_s, corexii_hall_statues_l,
          dreamdust_ecumenical_altar_hidden_monk_grotto, minmay_pentomino_u2
D:2:      layout_rooms, basic_altar, minmay_increasing_density
D:3:      layout_basic, serial_shops, shop, uniq_terence, uniq_grinder,
          uniq_jessica
D:4:      layout_loops_corners, old_standard_altar,
          mainiacjoe_overflow_alcove_2, fedhas_altar_3
D:5:      layout_loops_ring, nicolae_vehumet_radiance
D:6:      layout_basic, minmay_temple_entry_sparse_star
D:7:      layout_basic, nzn_wu_jian_contemplation, mainiacjoe_overflow_alcove_4,
          serial_park_tiny_1, minmay_misc_feat_encased
D:8:      layout_cave_pools, nicolae_yredelemnul_ghost_church, serial_shops,
          kennysheep_mini, grunt_decor_resistance
D:9:      layout_small_grid, minmay_radiant
Temple:   eino_temple_lava

Skill      XL: |  1  2  3  4  5  6  7  8  9 10 |
---------------+-------------------------------+-----
Fighting       | 4 5 7 8 9 10 | 10.0
Maces & Flails | 5 7 8 |  8.0
Invocations    | 4 |  4.7
Polearms       | |  2.4
Dodging        | |  2.4
Stealth        | |  1.5

Action                   |  1- 3 |  4- 6 |  7- 9 | 10-12 || total
-------------------------+-------+-------+-------+-------++-------
Melee: War axe           |    84 |       |       |       ||    84
       Spear             |     6 |       |       |       ||     6
       Great mace        |    22 |    51 |   219 |     6 ||   298
Invok: Bend Time         |       |       |     1 |     1 ||     2
  Use: Scroll            |       |       |    10 |     3 ||    13
 Stab: Sleeping          |     3 |       |       |       ||     3
Armor: Leather armour    |     3 |       |       |       ||     3
       Robe              |     1 |       |       |       ||     1
       Ring mail         |    33 |       |       |       ||    33
       Scale mail        |       |    20 |    30 |       ||    50
       Chain mail        |       |       |    71 |     6 ||    77
Dodge: Dodged            |    66 |    31 |   175 |     7 ||   279
Block: Tower shield      |    15 |       |       |       ||    15

Table legend: (Time is in decaauts)
 A = Elapsed time spent in this place.
 B = Non-inter-level travel time spent in this place.
 C = Inter-level travel time spent in this place.
 D = Time resting spent in this place.
 E = Time spent auto-exploring this place.
 F = Levels seen in this place.
 G = Mean time per level.
                   A        B        C        D        E       F      G
               +--------+--------+--------+--------+--------+-----+--------+
         Total |  10760 |  10337 |    423 |    845 |   8099 |  10 | 1076.0 |
       Dungeon |  10672 |  10275 |    397 |    845 |   8048 |   9 | 1185.8 |
        Temple |     87 |     61 |     26 |      0 |     51 |   1 |   87.0 |
               +--------+--------+--------+--------+--------+-----+--------+

Top non-repeatable levels by time:
     D:7: 2309 daAuts
     D:8: 1428 daAuts
     D:1: 1410 daAuts
     D:4: 1108 daAuts
     D:3: 1035 daAuts
     D:5: 962 daAuts
     D:6: 844 daAuts
     D:9: 819 daAuts
     D:2: 754 daAuts
  Temple: 87 daAuts
